 Dungeon Crawl Stone Soup version 0.30-a0-847-g17996783a1 (webtiles) character file.

Game seed: 13754988656492965909

2360 Darius099 the Cleaver (level 9, 0/70 HPs)
             Began as a Minotaur Fighter on Mar 3, 2023.
             Was a Priest of Okawaru.
             Slain by an unseen horror (6 damage)
             ... on level 6 of the Dungeon.
             The game lasted 00:13:35 (5684 turns).

Darius099 the Cleaver (Minotaur Fighter)            Turns: 5684, Time: 00:13:36

Health: 0/70       AC: 17    Str: 24    XL:     9   Next: 21%
Magic:  8/8        EV:  6    Int:  5    God:    Okawaru [***...]
Gold:   280        SH:  4    Dex: 11    Spells: 8/8 levels left

rFire   . . .      SeeInvis .    a - +0 war axe
rCold   . . .      Faith    +    c - +0 buckler
rNeg    . . .      Spirit   .    B - +0 plate armour
rPois   .          Reflect  .    (helmet restricted)
rElec   .          Rampage  .    q - +1 cloak
rCorr   .                        (no gloves)
Will    .....                    (no boots) Stlth
                                 s - amulet of faith
HPRegen 0.31/turn                b - +4 ring of protection
MPRegen 0.11/turn                (no ring)

@: studying Polearms
A: horns 2, retaliatory headbutt
a: Renounce Religion, Heroism


You were on level 6 of the Dungeon.
You worshipped Okawaru.
Okawaru was most pleased with you.
You visited 2 branches of the dungeon, and saw 8 of its levels.
You also visited: Sewer.

You collected 280 gold pieces.

Inventory:

Hand Weapons
 a - a +0 war axe (weapon)
Missiles
 f - 88 stones (quivered)
 p - 6 atropa-tipped darts
 r - 32 poisoned darts
 v - 12 boomerangs
 K - a throwing net
Armour
 c - a +0 buckler (worn)
 q - a +1 cloak (worn)
 B - a +0 plate armour (worn)
Jewellery
 b - a +4 ring of protection (left hand)
 s - an amulet of faith (around neck)
 u - an amulet of magic regeneration
 F - an amulet of guardian spirit
Wands
 y - a wand of mindburst (13)
 E - a wand of flame (30)
Scrolls
 m - 2 scrolls of fog {unknown}
 n - 3 scrolls of blinking {unknown}
 w - a scroll of immolation {unknown}
 x - 2 scrolls of magic mapping {unknown}
 A - 3 scrolls of fear {unknown}
 C - 3 scrolls of teleportation {unknown}
 D - a scroll of silence {unknown}
 G - a scroll of vulnerability {unknown}
 I - a scroll of enchant weapon {unknown}
Potions
 d - a potion of might
 e - a potion of invisibility {unknown}
 h - 6 potions of lignification
 i - a potion of ambrosia {unknown}
 j - a potion of attraction {unknown}
 k - 2 potions of degeneration {unknown}
 l - a potion of cancellation {unknown}
 o - 2 potions of curing
 t - 3 potions of haste
 z - 5 potions of brilliance
 H - 3 potions of mutation
 J - a potion of heal wounds {unknown}


   Skills:
 - Level 3.6 Fighting
 + Level 14.6 Axes
 - Level 3.6 Armour
 - Level 3.6 Shields


You had 8 spell levels left.
You didn't know any spells.
Your spell library contained the following spells:

 Spells                   Type           Power      Damage    Failure   Level
 Freeze                   Ice            0%         1d3       100%        1
 Shock                    Conj/Air       0%         1d3       100%        1
 Frozen Ramparts          Ice            0%         1d1       100%        3
 Hailstorm                Conj/Ice       0%         3d3       100%        3
 Ignite Poison            Fire/Tmut/Pois 0%         N/A       100%        3
 Kindle Blastsparks       Fire/Tloc/Air  0%         2d10      100%        3
 Swiftness                Air            0%         N/A       100%        3
 Airstrike                Air            0%         2d(0-16)  100%        4
 Freezing Cloud           Conj/Ice/Air   0%         6-21      100%        5


Dungeon Overview and Level Annotations

Branches:
Dungeon (7/15)             Temple (1/1) D:4           Sewer (visited)

Altars:
Ashenzari
Cheibriados
Dithmenos
Elyvilon
Gozag
Kikubaaqudgha
Nemelex Xobeh
Okawaru
Qazlal
Sif Muna
Trog
Vehumet
Wu Jian
Yredelemnul
Zin

Portals:
Bailey: D:7


Innate Abilities, Weirdness & Mutations

You have a pair of horns on your head.
You reflexively headbutt those who attack you in melee.


Message History

Something hits you. Something hits you but does no damage.
You block something's attack.
There is a stone staircase leading down here.
You barely miss something. Something hits you but does no damage.
You block something's attack.
You hit something. Something hits you but does no damage.
You closely miss something. Your headbutt misses something.
Something hits you but does no damage. x2
You barely miss something. You headbutt something.
Something hits you but does no damage.
You closely miss something. Something hits you but does no damage.
You closely miss something. Your headbutt misses something. Something hits you!
Something hits you.
You slash something! Your headbutt misses something.
Something hits you but does no damage. You block something's attack.
Something hits you but does no damage.
You hit something but do no damage. Your headbutt misses something.
Something hits you but does no damage. Something hits you but does no damage.
You barely miss something. Something hits you. You block something's attack.
Something hits you but does no damage. x3
You barely miss something. Something hits you but does no damage.
You slash something! Something hits you but does no damage.
Something hits you but does no damage. Something hits you but does no damage.
Something hits you.
Something hits you but does no damage. x2
Something hits you but does no damage. Something hits you but does no damage.
Something hits you but does no damage. x2
Something hits you. Something hits you!
* * * LOW HITPOINT WARNING * * *
Something hits you but does no damage. Something hits you!
* * * LOW HITPOINT WARNING * * *
Something hits you but does no damage.
You closely miss something. You headbutt something. Something hits you.
* * * LOW HITPOINT WARNING * * *
Something hits you.
You die...

~##~#~# ##....#.#### #..###.#.
~~#~#~# ##.#...#### #.####.#.
#~#~#~#######.##.....####.#......
~~#~#~##.......##.##..##....##.##
#†#~#~##..........###......<...##
~~~~#.##.........## ##.....######
########.........######..### #
~÷~~~~~..............##..# #
#~#~#~~.######.#@.#.....## ##
~~~~.~..# #.#{........### ###.
.~.÷.÷.## #.###.###.#...###...
.......# #.......>.........##
#####..#### #...#####.###....##
..........####...# #.# ##...###
#####.###........# #.####.#...#
#.# #......### #.#....###.. #.#
#.......## #.#.#### ##.


There were no monsters in sight!

Vanquished Creatures
  The ghost of Pokonic1 the Covered, an amateur FoFi (D:4)
  Sigmund (D:2)
  Eustachio (D:5)
  Menkaure (D:6)
  Pargi (Sewer)
  2 ice beasts
  3 ogres
  A phantom (D:6)
  A kobold brigand (D:6)
  A bullfrog (D:6)
  A water moccasin skeleton (D:4)
  2 centaur zombies (D:4)
  3 jellies
  3 orc priests (D:5)
  2 hounds
  Crazy Yiuf (D:3)
  A sleepcap (D:6)
  A bullfrog skeleton (D:4)
  2 iguanas
  7 orc wizards
  4 river rats (D:6)
  10 adders
  3 gnolls (D:4)
  4 white imps
  An ufetubus (D:6)
  5 worms
  3 dart slugs
  23 orcs
  6 ball pythons
  7 endoplasms
  3 giant cockroaches
  11 goblins
  12 hobgoblins
  3 jackals (D:4)
  2 quokkas
  3 bats
  2 frilled lizards (Sewer)
  11 kobolds
  9 rats
158 creatures vanquished.

Vanquished Creatures (others)
  A plant (D:4)
1 creature vanquished.

Grand Total: 159 creatures vanquished

Notes
Turn   | Place    | Note
-------+----------+-------------------------------------------
     0 | D:1      | Darius099 the Minotaur Fighter began the quest for the Orb.
     0 | D:1      | Reached XP level 1. HP: 19/19 MP: 0/0
    83 | D:1      | Reached skill level 3 in Axes
   141 | D:1      | Reached XP level 2. HP: 26/26 MP: 1/1
   152 | D:1      | You fall into a shaft and drop 1 floor!
   437 | D:2      | Noticed Sigmund
   445 | D:2      | Killed Sigmund
   446 | D:2      | Reached skill level 6 in Axes
   446 | D:2      | Reached XP level 3. HP: 31/31 MP: 2/2
   446 | D:2      | Reached XP level 4. HP: 39/39 MP: 3/3
   446 | D:2      | Reached XP level 5. HP: 45/45 MP: 4/4
  1140 | D:3      | Found a broken altar of Ashenzari.
  1228 | D:3      | Found a runed translucent door.
  1229 | D:3      | Noticed Crazy Yiuf
  1234 | D:3      | Killed Crazy Yiuf
  1235 | D:3      | Reached skill level 7 in Axes
  1446 | D:3      | Reached XP level 6. HP: 44/51 MP: 5/5
  1892 | D:4      | Reached skill level 8 in Axes
  2265 | D:4      | Found a bloodstained altar of Trog.
  2281 | D:4      | Reached skill level 9 in Axes
  2505 | D:4      | Found a staircase to the Ecumenical Temple.
  2622 | D:4      | Identified the +8 falchion of Iroxzial {pain, Fly rF-
                  | Dex+3}
  2745 | D:4      | Found a runed translucent gate.
  2748 | D:4      | Found a runed translucent gate.
  2748 | D:4      | Found a runed translucent gate.
  2751 | D:4      | Noticed Pokonic1's ghost (amateur FoFi)
  2979 | Temple   | Entered the Ecumenical Temple
  3190 | Temple   | Became a worshipper of Warmaster Okawaru
  3361 | D:4      | Reached XP level 7. HP: 54/57 MP: 6/6
  3372 | D:4      | Killed Pokonic1's ghost
  3372 | D:4      | Reached * piety under Okawaru
  3373 | D:4      | Reached skill level 10 in Axes
  3468 | D:5      | Entered Level 5 of the Dungeon
  3646 | D:5      | Reached skill level 11 in Axes
  3646 | D:5      | Reached XP level 8. HP: 45/64 MP: 7/7
  3726 | D:5      | Noticed Eustachio
  3749 | D:5      | Killed Eustachio
  3929 | D:5      | Found an ancient bone altar of Kikubaaqudgha.
  3949 | D:5      | Reached skill level 12 in Axes
  3950 | D:5      | Reached ** piety under Okawaru
  4326 | D:5      | Found a glowing silver altar of Zin.
  4546 | D:5      | Found a sparkling altar of Nemelex Xobeh.
  4573 | D:6      | Reached skill level 13 in Axes
  4914 | D:6      | Found a glowing drain.
  4931 | Sewer    | Entered a sewer
  4971 | Sewer    | Noticed Pargi
  4993 | Sewer    | Killed Pargi
  4993 | Sewer    | Reached *** piety under Okawaru
  4994 | Sewer    | Reached skill level 14 in Axes
  4994 | Sewer    | Reached XP level 9. HP: 51/70 MP: 8/8
  5179 | D:6      | Noticed Menkaure
  5182 | D:6      | Killed Menkaure
  5610 | D:7      | Found a flagged portal.
  5613 | D:7      | Identified the +8 mace "Nouliw" {freeze, Fly rF- Dex+2}
  5615 | D:7      | Found a radiant altar of Vehumet.
  5684 | D:6      | Slain by an unseen horror

Illustrated notes

Levels and vault maps discovered:
D:1:      dpeg_arrival_prison, layout_basic,
          chequers_ecumenical_altar_simple_redux
D:2:      layout_basic, uniq_sigmund
D:3:      layout_basic, ashenzari_conservatory_becter, serial_corexii_hall,
          chequers_hall_statues_y, corexii_hall_statues_x,
          chequers_hall_statues_y, corexii_hall_statues_i,
          corexii_hall_statues_u, corexii_hall_statues_deadend,
          grunt_ministairs_8, minmay_misc_feat_more_columns,
          minmay_fountain_box, chequers_serial_rivers_marsh,
          kennysheep_generic_room_5, uniq_crazy_yiuf_cottage
D:4:      corexii_shantytown, layout_basic, bloody_trog, temple_pool_b,
          gammafunk_ghost_necromancy, minmay_manual_maat
D:5:      layout_loops_ring, nicolae_overflow_hidden_temple,
          general_overflow_altar, zin_academy, minmay_misc_feat_alley,
          uniq_eustachio
D:6:      layout_rooms, lightli_sewer_entry_pipes, minmay_fractal_squares_5,
          uniq_menkaure
D:7:      layout_basic, mainiacjoe_overflow_cross_hatched,
          amethyst_overflow_temple_binary, fiery_altar_vehumet, enter_bailey_5,
          kennysheep_cross_bottleneck, uniq_maggie
Temple:   nicolae_temple_bog_church

Skill      XL: |  1  2  3  4  5  6  7  8 |
---------------+-------------------------+-----
Axes           | 3 6 7 9 11 14 | 14.6
Fighting       | |  3.6
Armour         | |  3.6
Shields        | |  3.6

Action                     |  1- 3 |  4- 6 |  7- 9 || total
---------------------------+-------+-------+-------++-------
  Melee: War axe           |    27 |   154 |   264 ||   445
         Headbutt          |     2 |    18 |    39 ||    59
 Invoke: Heroism           |       |       |     1 ||     1
    Use: Scroll            |       |       |     5 ||     5
 Armour: Scale mail        |    18 |     8 |       ||    26
         Chain mail        |       |    53 |       ||    53
         Plate armour      |       |    11 |   236 ||   247
  Dodge: Dodged            |    18 |    51 |    83 ||   152
  Block: Buckler           |     6 |    30 |    67 ||   103

Table legend: (Time is in decaauts)
 A = Elapsed time spent in this place.
 B = Non-inter-level travel time spent in this place.
 C = Inter-level travel time spent in this place.
 D = Time resting spent in this place.
 E = Time spent auto-exploring this place.
 F = Levels seen in this place.
 G = Mean time per level.
                   A        B        C        D        E       F      G
               +--------+--------+--------+--------+--------+-----+--------+
         Total |   5746 |   5595 |    151 |    512 |   3425 |   9 |  638.4 |
       Dungeon |   5352 |   5247 |    105 |    454 |   3219 |   7 |  764.6 |
        Temple |    243 |    197 |     46 |      0 |    186 |   1 |  243.0 |
         Sewer |    150 |    150 |      0 |     58 |     19 |   1 |  150.0 |
               +--------+--------+--------+--------+--------+-----+--------+

Top non-repeatable levels by time:
     D:4: 1372 daAuts
     D:5: 1088 daAuts
     D:3: 969 daAuts
     D:6: 951 daAuts
     D:2: 772 daAuts
  Temple: 243 daAuts
     D:1: 156 daAuts
   Sewer: 150 daAuts
     D:7: 42 daAuts
